 Dungeon Crawl Stone Soup version 0.21-a0-125-gb006224 (webtiles) character file.

1007 namelastname112 the Conjurer (level 8, -5/57 HPs)
             Began as a White Draconian Conjurer on July 15, 2017.
             Was a Follower of Sif Muna.
             Slain by Menkaure (18 damage)
             ... on level 6 of the Dungeon.
             The game lasted 00:07:28 (4767 turns).

namelastname112 the Conjurer (DrCj)                 Turns: 4767, Time: 00:07:28

Health: -5/57      AC:  8    Str: 15    XL:     8   Next: 0%
Magic:  5/17       EV: 12    Int: 18    God:    Sif Muna [*.....]
Gold:   347        SH:  0    Dex: 12    Spells: 12/19 levels left

rFire    + . .     SeeInvis .   k - +0 dagger (vamp)
rCold    + . .     Gourm    .   (no shield)
rNeg     . . .     Faith    .   (armour unavailable)
rPois    .         Spirit   .   (helmet restricted)
rElec    .         Reflect  .   (no cloak)
rCorr    .         Harm     .   p - +1 pair of gloves
MR       .....                  (no boots)
Stlth    ++........             (no amulet)
HPRegen  0.19/turn              s - ring of protection from fire
MPRegen  0.15/turn              q - ring of wizardry

@: mighty, short of breath
A: breathe frost, unfitting armour, cold resistance 1, cold-blooded, AC +6
a: Breathe Frost, Divine Energy, Renounce Religion


You were on level 6 of the Dungeon.
You worshipped Sif Muna.
Sif Muna was aware of your devotion.
You were not hungry.

You visited 1 branch of the dungeon, and saw 6 of its levels.

You collected 347 gold pieces.

Inventory:

Hand Weapons
 k - a +0 vampiric dagger (weapon)
Armour
 p - a +1 pair of gloves (worn)
Jewellery
 e - an uncursed ring of fire
 q - a ring of wizardry (right hand)
 s - a ring of protection from fire (left hand)
Wands
 n - a wand of iceblast (11/15)
 v - a wand of confusion (14/48)
 w - a wand of flame (0/48)
Scrolls
 c - 2 scrolls of remove curse {unknown}
 h - a scroll of magic mapping {unknown}
 i - 7 scrolls of identify {unknown}
 l - a scroll of enchant armour
 u - a scroll of recharging {unknown}
 x - a scroll of enchant weapon {unknown}
 y - a scroll of amnesia {unknown}
 z - a scroll of holy word {unknown}
Potions
 d - 2 potions of curing
 g - a potion of haste {unknown}
 j - a potion of ambrosia {unknown}
 o - 2 potions of might
 t - 2 potions of heal wounds {unknown}
Books
 a - a book of Conjurations

   Spells                             Type                      Level
   a - Magic Dart                     Conjuration                  1
   b - Searing Ray                    Conjuration                  2
   c - Dazzling Spray                 Conjuration/Hexes            3
   d - Fulminant Prism                Conjuration/Hexes            4
   e - Force Lance                    Conjuration/Translocation    4
   f - Iskenderun's Mystic Blast      Conjuration                  4
Comestibles
 b - 6 bread rations
 f - 3 meat rations
 m - 2 fruits
 r - a royal jelly


   Skills:
 - Level 1.7 Dodging
 - Level 1.7 Stealth
 + Level 6.2 Spellcasting
 + Level 7.7 Conjurations


You had 12 spell levels left.
You knew the following spells:

 Your Spells              Type           Power        Failure   Level  Hunger
a - Iskenderun's Mystic   Conj           ####....     1%          4    ####...
x - Searing Ray           Conj           ####..       1%          2    None
z - Magic Dart            Conj           ####         1%          1    None


Dungeon Overview and Level Annotations

Branches:
Dungeon (6/15)             Temple (0/1) D:5

Altars:
Cheibriados
Dithmenos
Makhleb
Ru
Sif Muna
Vehumet
The Shining One

Annotations:
D:3 2 transporters
D:6 Eustachio, Grinder, Menkaure


Innate Abilities, Weirdness & Mutations

You can breathe waves of freezing cold.
You can buffet flying creatures when you breathe cold.
Your icy white scales are hard. (AC +6)
You cannot fit into any form of body armour.
Your flesh is cold resistant. (rC+)
You are cold-blooded and may be slowed by cold attacks.


Message History

You feel better. Menkaure hits you.
* * * LOW HITPOINT WARNING * * *
Eustachio gestures wildly while chanting.
Eustachio blinks!
Menkaure hits you!
* * * LOW HITPOINT WARNING * * *
You take 5 damage, and have 2/57 hp.
You feel better.
Menkaure hums in an indecipherable tongue.
Menkaure hits you but does no damage.
You regained 11 hp, and now have 13/57 hp.
Press: ? - help, Shift-Dir - straight line, f/p - Menkaure
Aim: Menkaure (lightly damaged, fast)
You exhale a wave of freezing cold.
The freezing breath hits Menkaure.
Menkaure resists.
Menkaure is moderately damaged.
The freezing breath misses Grinder.
The freezing breath hits the ufetubus.
The ufetubus resists.
The ufetubus is heavily wounded.
You feel somewhat more hungry. Menkaure hits you!!
You die...

...... ## ..... ..
.... .# ... .# ...
.# #.# .#
#.######.###
#######.<..@M55..#
#..........###@#.#
...........# .$.
#..........# @....
######.#### 5.$..#
#.# ....... #.#
.=....# #.#
....).# #.#


You could see Eustachio, Grinder, Menkaure and an ufetubus.

Vanquished Creatures
  An ice beast (D:5)
  2 ogres
  A centaur (D:4)
  A bullfrog (D:4)
  Blork the orc (D:3)
  2 scorpions
  A howler monkey (D:5)
  A crimson imp (D:4)
  A hound (D:4)
  A gnoll shaman (D:4)
  An iguana (D:5)
  2 worker ants (D:4)
  An orc wizard (D:4)
  A killer bee zombie (D:6)
  A hound skeleton (D:4)
  A mummy (D:5)
  4 gnolls (D:4)
  4 adders
  2 oozes
  2 adder skeletons
  2 dart slugs (D:1)
  2 leopard geckos
  4 orcs
  5 bats
  6 giant cockroaches
  3 goblins (D:2)
  3 hobgoblins
  8 jackals
  7 kobolds
  4 quokkas
  3 ball pythons
  8 frilled lizards
  10 rats
96 creatures vanquished.

Notes
Turn   | Place    | Note
-------+----------+-------------------------------------------
     0 | D:1      | namelastname112 the Draconian Conjurer began the quest for the Orb.
     0 | D:1      | Reached XP level 1. HP: 14/14 MP: 3/3
   161 | D:1      | Reached XP level 2. HP: 13/20 MP: 0/5
   171 | D:1      | Learned a level 2 spell: Searing Ray
   735 | D:2      | Reached XP level 3. HP: 26/26 MP: 1/7
  1038 | D:2      | Found a sacrificial altar of Ru.
  1048 | D:2      | Reached XP level 4. HP: 21/33 MP: 2/8
  1279 | D:3      | Found a transporter.
  1313 | D:3      | Found a transporter.
  1342 | D:3      | Reached skill level 5 in Conjurations
  1831 | D:3      | Noticed Blork the orc
  1877 | D:3      | Killed Blork the orc
  1877 | D:3      | Reached XP level 5. HP: 38/38 MP: 1/10
  1910 | D:3      | Found a deep blue altar of Sif Muna.
  1984 | D:3      | Became a worshipper of Sif Muna the Loreminder
  2557 | D:4      | Noticed an ogre
  2559 | D:4      | Noticed a centaur
  2572 | D:4      | Killed an ogre
  2572 | D:4      | Reached skill level 6 in Conjurations
  2572 | D:4      | Reached XP level 6. HP: 32/45 MP: 4/12
  2814 | D:4      | Found a radiant altar of Vehumet.
  2828 | D:4      | Found a burning altar of Makhleb.
  2884 | D:4      | Reached * piety under Sif Muna
  2884 | D:4      | Reached skill level 5 in Spellcasting
  3007 | D:4      | Your scales start taking on an icy white colour.
  3007 | D:4      | Reached XP level 7. HP: 37/50 MP: 7/14
  3007 | D:4      | Gained mutation: Your flesh is cold resistant. (rC+) [White Draconian growth]
  3485 | D:4      | Learned a level 4 spell: Iskenderun's Mystic Blast
  3541 | D:4      | Reached skill level 7 in Conjurations
  3600 | D:5      | Entered Level 5 of the Dungeon
  3635 | D:5      | Found a sacrificial altar of Ru.
  3751 | D:5      | Found a glowing golden altar of the Shining One.
  3805 | D:5      | Found a snail-covered altar of Cheibriados.
  4328 | D:5      | Found a shadowy altar of Dithmenos.
  4371 | D:5      | Found a staircase to the Ecumenical Temple.
  4748 | D:6      | Noticed Eustachio
  4750 | D:6      | Noticed Grinder
  4756 | D:6      | Reached XP level 8. HP: 48/57 MP: 9/17
  4758 | D:6      | Noticed Menkaure
  4765 | D:6      | HP: 2/57 [Menkaure (8)]
  4767 | D:6      | Slain by Menkaure

Vault maps used:
D:1:      minmay_arrival_stair_chambers
D:2:      nicolae_ru_awakened_eye
D:3:      gammafunk_wand_slinger, tgw_sif
D:4:      grunt_temple_overflow_lords_of_destruction
D:5:      cheibrodos_iron_armory, slow_altar_2, lemuel_crystal_altar,
          nicolae_tso_carved_into_rock, marbit_many_paths,
          minmay_temple_entry_crystal_x, first_bread,
          minmay_misc_feat_secret_circle
D:6:      grunt_temple_overflow_growth_and_decay, lemuel_doored_altar,
          old_standard_altar, uniq_menkaure, uniq_eustachio, uniq_pikel,
          uniq_grinder

Skill      XL: |  1  2  3  4  5  6  7 |
---------------+----------------------+-----
Spellcasting   | 3 4 5 6 |  6.2
Conjurations   | 5 6 7 |  7.7
Dodging        | |  1.7
Stealth        | |  1.7

Action                   |  1- 3 |  4- 6 |  7- 9 || total
-------------------------+-------+-------+-------++-------
Melee: Mace              |    17 |       |       ||    17
       Tailslap          |     8 |     7 |     1 ||    16
       Dagger            |    28 |    99 |     3 ||   130
 Cast: Magic Dart        |    50 |    82 |    73 ||   205
       Searing Ray       |       |     5 |     7 ||    12
 Abil: Breathe Frost     |       |       |     2 ||     2
  Use: Potion            |       |       |     4 ||     4
       Scroll            |       |       |     1 ||     1
 Stab: Sleeping          |     2 |       |       ||     2
  Eat: Meat ration       |     1 |       |       ||     1
       Chunk             |       |     6 |     6 ||    12
Armor: Skin              |    16 |    48 |    12 ||    76
Dodge: Dodged            |    34 |    83 |    21 ||   138
